 Dungeon Crawl Stone Soup version 0.29.0-11-gd7f09526c8 (webtiles) character file.

Game seed: 10815229275240950332

228 Zeldest the Chopper (level 6, 0/55 HPs)
             Began as a Ghoul Monk on Sept 4, 2022.
             Slain by an orc
             ... wielding a +0 short sword
              (3 damage)
             ... on level 3 of the Dungeon.
             The game lasted 00:02:15 (2235 turns).

Zeldest the Chopper (Ghoul Monk)                    Turns: 2235, Time: 00:02:15

Health: 0/55       AC:  9    Str: 17    XL:     6   Next: 2%
Magic:  5/5        EV:  7    Int:  5    God:
Gold:   143        SH:  0    Dex: 11    Spells: 5/5 levels left

rFire   . . .      SeeInvis .   a - +0 hand axe
rCold   + . .      Faith    .   (no shield)
rNeg    + + +      Spirit   .   h - +0 chain mail
rPois   ∞          Reflect  .   (no helmet)
rElec   .          Harm     .   (no cloak)
rCorr   .          Rampage  .   (no gloves)
Will    .....                   d - +0 pair of boots
Stlth   ..........              (no amulet)
HPRegen 0.00/turn               (no ring)
MPRegen 0.09/turn               (no ring)

@: inhibited regen
A: claws 1, cold resistance 1, negative energy resistance 3, inhibited
regeneration, torment resistance 2, devour on kill
a: no special abilities


You were on level 3 of the Dungeon.
You visited 1 branch of the dungeon, and saw 3 of its levels.

You collected 143 gold pieces.

Inventory:

Hand Weapons
 a - a +0 hand axe (weapon)
Missiles
 k - a throwing net (quivered)
Armour
 b - a +0 robe
 d - a +0 pair of boots (worn)
 h - a +0 chain mail (worn)
Jewellery
 i - a ring of protection from cold
Wands
 m - a wand of flame (16)
Scrolls
 e - a scroll of identify
 g - a scroll of magic mapping
 n - a scroll of butterflies {unknown}
Potions
 c - a potion of attraction
 f - a potion of mutation
 j - a potion of curing {unknown}
 l - a potion of brilliance {unknown}


   Skills:
 + Level 4.8 Fighting
 * Level 5.1 Axes
 - Level 2.6 Dodging
 - Level 2.1 Stealth


You had 5 spell levels left.
You didn't know any spells.
Your spell library contained the following spells:

 Spells                   Type           Power      Damage    Failure   Level
 Foxfire                  Conj/Fire      0%         2x1d4     100%        1
 Conjure Flame            Conj/Fire      0%         6-21      100%        3
 Inner Flame              Hex/Fire       0%         N/A       100%        3
 Ozocubu's Armour         Ice            0%         N/A       100%        3
 Flame Wave               Conj/Fire      0%         2d4       100%        4
 Ozocubu's Refrigeration  Ice            0%         4d7       100%        7


Dungeon Overview and Level Annotations

Branches:
Dungeon (3/15)

Altars:
Vehumet


Innate Abilities, Weirdness & Mutations

You are immune to poison.
You have sharp fingernails.
Your flesh is cold resistant. (rC+)
You are immune to negative energy. (rN+++)
You do not regenerate when monsters are visible.
You are immune to unholy pain and torment.
You thrive by killing the living.


Message History

As you read the scroll of identify, it crumbles to dust.
c - a potion of attraction The orc shouts!
As you read the scroll of identify, it crumbles to dust.
f - a potion of mutation You hit the orc but do no damage.
The orc hits you with a +0 flail.
* * * LOW HITPOINT WARNING * * *
You hit the orc.
The orc is severely wounded.
You hit the orc but do no damage. The orc barely misses you.
The orc hits you but does no damage.
You hit the orc.
The orc is lightly wounded.
You hit the orc but do no damage. The orc hits you with a +0 flail.
* * * LOW HITPOINT WARNING * * *
The orc hits you with a +0 whip.
* * * LOW HITPOINT WARNING * * *
You hit the orc.
You kill the orc!
You hit the orc but do no damage.
An orc comes into view. It is wielding a +0 short sword.
The orc hits you but does no damage.
You barely miss the orc.
The orc is severely wounded.
The orc hits you but does no damage.
You hit the orc.
The orc is almost dead.
The orc barely misses you. The orc hits you with a +0 flail.
* * * LOW HITPOINT WARNING * * *
You hit the orc.
You kill the orc!
You barely miss the orc. The orc hits you with a +0 short sword.
* * * LOW HITPOINT WARNING * * *
You hit the orc.
The orc is moderately wounded.
The orc hits you but does no damage.
You hit the orc.
The orc is almost dead.
The orc hits you with a +0 short sword.
You die...

.# .######## ...
........#.. ..
........#.. ..###
........#.. ....
........#.# #..# ##
........#.# #..# ..
.########.# #o)#.#.#
.# ##.#####$@)...#
.# #.....<#.##.###
.# #..###....# #
.#######..###.#....#
............#.##.#.#
###########.#.# ...#
.... .... #.# .#.#.#
#.# .#.#..


You could see an orc.

Vanquished Creatures
  An orc priest (D:3)
  Terence (D:2)
  Robin (D:2)
  A gnoll (D:1)
  7 adders
  3 dart slugs
  5 orcs (D:3)
  6 ball pythons
  4 endoplasms
  3 giant cockroaches
  13 goblins
  5 hobgoblins
  4 jackals
  7 kobolds
  A quokka (D:2)
  10 bats
  4 frilled lizards
  2 rats
78 creatures vanquished.

Notes
Turn   | Place    | Note
-------+----------+-------------------------------------------
     0 | D:1      | Zeldest the Ghoul Monk began the quest for the Orb.
     0 | D:1      | Reached XP level 1. HP: 19/19 MP: 0/0
    78 | D:1      | Reached skill level 3 in Axes
    90 | D:1      | Reached XP level 2. HP: 26/26 MP: 1/1
   205 | D:1      | Reached XP level 3. HP: 19/33 MP: 2/2
   951 | D:2      | Noticed Robin
   988 | D:2      | Reached XP level 4. HP: 31/40 MP: 3/3
  1009 | D:2      | Reached skill level 4 in Axes
  1011 | D:2      | Killed Robin
  1278 | D:2      | Noticed Terence
  1295 | D:2      | Reached XP level 5. HP: 37/47 MP: 4/4
  1297 | D:2      | Killed Terence
  1945 | D:3      | Found a radiant altar of Vehumet.
  2224 | D:3      | Reached skill level 5 in Axes
  2225 | D:3      | Reached XP level 6. HP: 16/55 MP: 5/5
  2235 | D:3      | Slain by an orc

Illustrated notes

Levels and vault maps discovered:
D:1:      minmay_arrival_jagged, layout_basic, minmay_fountain_box
D:2:      layout_basic, serial_corexii_hall, chequers_hall_statues_y,
          corexii_hall_statues_i, corexii_hall_statues_u,
          corexii_hall_statues_s, corexii_hall_statues_x,
          chequers_hall_statues_corner_a, minmay_circle_x, uniq_robin,
          uniq_terence
D:3:      layout_basic, vehumet_altar_wand_db, minmay_quadrilaterals

Skill      XL: |  1  2  3  4  5 |
---------------+----------------+-----
Axes           | 3 4 5 |  5.1
Fighting       | 4 |  4.8
Dodging        | |  2.6
Stealth        | |  2.1

Action                   |  1- 3 |  4- 6 || total
-------------------------+-------+-------++-------
Melee: Hand axe          |    79 |   160 ||   239
       Punch             |       |     1 ||     1
  Use: Potion            |     1 |     1 ||     2
       Scroll            |       |     4 ||     4
 Stab: Sleeping          |     1 |       ||     1
       Invisible         |       |     4 ||     4
Armor: Robe              |    10 |       ||    10
       Chain mail        |    41 |   111 ||   152
Dodge: Dodged            |    46 |    72 ||   118
